 Dungeon Crawl Stone Soup version 0.27.0-1-g7a089689b8 (webtiles) character file.

Game seed: 9241683265335239394

346 HungrySpirit the Skirmisher (level 6, 0/55 HPs)
             Began as a Mummy Abyssal Knight on Aug 1, 2021.
             Was an Initiate of Cheibriados.
             Killed from afar by Eustachio (9 damage)
             ... with a puff of flame
             ... on level 4 of the Dungeon.
             The game lasted 00:11:23 (5313 turns).

HungrySpirit the Skirmisher (Mummy Abyssal Knight)  Turns: 5313, Time: 00:11:24

Health: 0/55       AC: 13    Str: 17    XL:     6   Next: 32%
Magic:  7/7        EV:  4    Int: 12    God:    Cheibriados [......]
Gold:   229        SH:  5    Dex: 14    Spells: 5/5 levels left

rFire    x . .     SeeInvis .   g - +3 dagger
rCold    + . .     Faith    .   c - +2 buckler
rNeg     + + +     Spirit   .   s - +0 plate armour
rPois    ∞         Reflect  .   (no helmet)
rElec    .         Harm     .   d - +0 cloak {rPois}
rCorr    .         Rampage  .   m - +0 pair of gloves
Will     .....                  n - +0 pair of boots
Stlth    ..........             (no amulet)
HPRegen  0.18/turn              (no ring)
MPRegen  0.10/turn              (no ring)

@: very slow
A: cold resistance 1, negative energy resistance 3, torment resistance 2, heat
vulnerability 1, no potions
a: Renounce Religion, Bend Time


You were on level 4 of the Dungeon.
You worshipped Cheibriados.
Cheibriados was noncommittal.
You visited 2 branches of the dungeon, and saw 5 of its levels.
You visited the Abyss 1 time.

You collected 229 gold pieces.

Inventory:

Hand Weapons
 a - a +1 short sword
 g - a +3 dagger (weapon)
Missiles
 k - 3 javelins (quivered)
Armour
 c - a +2 buckler (worn)
 d - a +0 cloak of poison resistance (worn)
 m - a +0 pair of gloves (worn)
 n - a +0 pair of boots (worn)
 s - a +0 plate armour (worn)
Jewellery
 i - a ring of ice
Scrolls
 b - a scroll of enchant weapon {unknown}
 e - 2 scrolls of blinking
 f - a scroll of identify
 h - a scroll of noise {unknown}
 j - a scroll of teleportation
 l - a scroll of brand weapon {unknown}
 o - a scroll of immolation {unknown}
 r - a scroll of fear {unknown}


   Skills:
 + Level 7.1 Fighting
 - Level 1.5 Short Blades
 + Level 1.6 Armour
 - Level 0.7 Dodging
 * Level 0.4 Unarmed Combat
 - Level 1.5 Invocations


You had 5 spell levels left.
You didn't know any spells.
Your spell library contained the following spells:

 Spells                   Type           Power      Damage    Failure   Level
 Conjure Flame            Conj/Fire      0%         6-21      100%        3
 Ignite Poison            Fire/Tmut/Pois 0%         N/A       100%        3
 Sticky Flame             Conj/Fire      0%         2d3       100%        4


Dungeon Overview and Level Annotations

Branches:
Dungeon (4/15)             Temple (1/1) D:4

Altars:
Ashenzari
Cheibriados
Dithmenos
Elyvilon
Fedhas
Hepliaklqana
Kikubaaqudgha
Makhleb
Qazlal
Uskayaw
Vehumet
Xom
Yredelemnul
Zin
The Shining One

Annotations:
D:4 Dowan, Duvessa, Eustachio


Innate Abilities, Weirdness & Mutations

You are immune to poison.
Your flesh is cold resistant. (rC+)
You are immune to negative energy. (rN+++)
You are immune to unholy pain and torment.
You are vulnerable to heat. (rF-)
You do not drink.


Message History

The puff of frost hits you. You resist. The quokka barely misses you.
You hit the phantom.
The phantom is moderately damaged.
The bat hits you but does no damage. You block the phantom's attack.
The bat hits you but does no damage. You block the quokka's attack.
The rat bites you. The white imp gestures at you. You block the puff of frost.
Your plate armour prevents you from hitting the phantom.
The phantom is moderately damaged.
The bat barely misses you. The bat hits you but does no damage.
Eustachio casts a spell.
Eustachio blinks!
The quokka bites you but does no damage.
The phantom barely misses you. The rat bites you but does no damage.
The white imp hits you but does no damage.
You hit the phantom.
The phantom is heavily damaged.
The bat hits you but does no damage. x2; Eustachio zaps a wand.
The puff of flame hits you but does no damage.
The quokka bites you but does no damage.
The phantom hits you.
* * * LOW HITPOINT WARNING * * *
The phantom blinks!
You blink.
You hit Eustachio.
Eustachio is almost dead.
The white imp hits you but does no damage.
The quokka bites you but does no damage.
Eustachio zaps a wand.
The puff of flame hits you. The fire burns you terribly!
* * * LOW HITPOINT WARNING * * *
The phantom hits you but does no damage.
You hit Eustachio but do no damage.
Eustachio is almost dead.
The white imp gestures at you. The puff of frost hits you. You resist.
* * * LOW HITPOINT WARNING * * *
The rat bites you but does no damage.
The quokka bites you but does no damage.
Eustachio zaps a wand.
The puff of flame hits you! The fire burns you terribly!
You die...

........# #. ........# ##..
...)....# ##.. .......#
#..# #.....## #..##
##....## #...## ######
#......####....###....###.#
#..............@.r.......#
...###..........@rb.....##
.### ###........5W5.....#
## ###.....#######..# #
##.#### #.# ### ## ## ####
.########..##
.)....).....##
##.......<..(###


You could see Eustachio, a phantom, an iron imp (summoned), a white imp
(summoned), a quokka (summoned), a bat (summoned) and a rat (summoned).

Vanquished Creatures
  An ogre (D:4)
  A hound (D:4)
  Natasha (twice) (D:4)
  3 gnolls (D:4)
  6 adders
  2 worms
  2 dart slugs (D:3)
  6 orcs
  9 ball pythons
  4 endoplasms
  4 giant cockroaches
  4 goblins
  9 hobgoblins
  9 jackals
  4 kobolds
  3 quokkas
  3 bats
  3 frilled lizards
  5 rats
80 creatures vanquished.

Vanquished Creatures (others)
  A frilled lizard (D:2)
1 creature vanquished.

Grand Total: 81 creatures vanquished

Notes
Turn   | Place    | Note
-------+----------+-------------------------------------------
     0 | Abyss:1  | HungrySpirit the Mummy Abyssal Knight began the quest for
                  | the Orb.
     0 | Abyss:1  | Reached XP level 1. HP: 18/18 MP: 2/2
    37 | D:1      | Escaped the Abyss
   650 | D:1      | Reached XP level 2. HP: 20/24 MP: 3/3
   871 | D:1      | Found a faded altar of an unknown god.
  1272 | D:2      | Reached skill level 4 in Fighting
  1331 | D:2      | Reached XP level 3. HP: 26/30 MP: 4/4
  2295 | D:2      | Reached XP level 4. HP: 33/38 MP: 5/5
  2300 | D:2      | Reached skill level 5 in Fighting
  2423 | D:3      | Reached ** piety under Lugonu
  2635 | D:3      | Found a broken altar of Ashenzari.
  2639 | D:3      | Found a burning altar of Makhleb.
  3501 | D:4      | Noticed Duvessa
  3501 | D:4      | Noticed Dowan
  3618 | D:4      | Found a staircase to the Ecumenical Temple.
  3658 | Temple   | Entered the Ecumenical Temple
  3822 | D:4      | Noticed an ogre
  3859 | D:4      | Noticed Natasha
  3870 | D:4      | Killed Natasha
  3871 | D:4      | Reached XP level 5. HP: 33/46 MP: 6/6
  4025 | D:4      | Found a hide-covered altar of Uskayaw.
  4053 | D:4      | Reached skill level 6 in Fighting
  4439 | D:4      | Found a snail-covered altar of Cheibriados.
  4448 | D:4      | Fell from the grace of Lugonu
  4448 | D:4      | Became a worshipper of Cheibriados the Contemplative
  4567 | D:4      | Noticed Natasha
  4579 | D:4      | Killed Natasha
  4591 | D:4      | Noticed an ancient zyme
  4779 | D:4      | Killed an ogre
  4780 | D:4      | Reached skill level 7 in Fighting
  4780 | D:4      | Reached XP level 6. HP: 30/55 MP: 7/7
  5290 | D:4      | Noticed Eustachio
  5313 | D:4      | Killed from afar by Eustachio

Illustrated notes

Levels and vault maps discovered:
D:1:      grunt_arrival_lava_bath, layout_basic,
          shapermc_ecumenical_altar_notcrosses
D:2:      layout_basic, lemuel_flame_loot_1
D:3:      layout_basic, mainiacjoe_overflow_alcove_3, amethyst_killhole,
          minmay_quantized
D:4:      layout_layer_cave, mainiacjoe_overflow_24_doors, cheibriados_altar_1,
          temple_fountains, uniq_eustachio, uniq_duvessa, uniq_natasha
Temple:   nicolae_temple_figure_zero

Skill      XL: |  1  2  3  4  5 |
---------------+----------------+-----
Fighting       | 4 5 7 |  7.1
Short Blades   | |  1.5
Armour         | |  1.6
Dodging        | |  0.7
Unarmed Combat | |  0.4
Invocations    | |  1.5

Action                   |  1- 3 |  4- 6 || total
-------------------------+-------+-------++-------
Melee: Short sword       |    73 |       ||    73
       Dagger            |    41 |   246 ||   287
Throw: Javelin           |       |     5 ||     5
Evoke: Wand              |       |    12 ||    12
  Use: Scroll            |       |     2 ||     2
 Stab: Sleeping          |     1 |       ||     1
Armor: Leather armour    |    22 |     5 ||    27
       Chain mail        |       |   101 ||   101
       Plate armour      |       |    47 ||    47
Dodge: Dodged            |    52 |    57 ||   109
Block: Buckler           |    25 |    60 ||    85
